 Dungeon Crawl Stone Soup version 0.30.0-17-ge0270778cf (webtiles) character file.

Game seed: 7736030090545807231

101 Bamboolord the Shield-Bearer (level 4, 0/41 HPs)
             Began as a Minotaur Fighter on May 21, 2023.
             Slain by an orc
             ... wielding a +2 dagger of electrocution
              (5 damage)
             ... on level 2 of the Dungeon.
             The game lasted 00:01:21 (1289 turns).

Bamboolord the Shield-Bearer (Minotaur Fighter)     Turns: 1289, Time: 00:01:21

Health: 0/41       AC:  7    Str: 22    XL:     4   Next: 48%
Magic:  3/3        EV:  9    Int:  5    God:
Gold:   74         SH:  4    Dex: 10    Spells: 3/3 levels left

rFire   . . .        a - +0 trident
rCold   . . .        c - +0 buckler
rNeg    . . .        b - +0 scale mail
rPois   .            (helmet restricted)
rElec   .            (no cloak)
rCorr   .            (no gloves)
SInv    .            (no boots)
Will    .....        (no amulet) Stlth
                     (no ring)
HPRegen 0.26/turn    (no ring)
MPRegen 0.08/turn

%: no passive effects
@: no status effects
A: horns 2, retaliatory headbutt
a: no special abilities


You were on level 2 of the Dungeon.
You visited 1 branch of the dungeon, and saw 3 of its levels.

You collected 74 gold pieces.

Inventory:

Hand Weapons
 a - a +0 trident (weapon)
Armour
 b - a +0 scale mail (worn)
 c - a +0 buckler (worn)
Scrolls
 e - a scroll of torment {unknown}
 g - a scroll of blinking {unknown}
 k - a scroll of identify {unknown}
 l - a scroll of brand weapon {unknown}
 m - a scroll of acquirement {unknown}
 n - a scroll of teleportation {unknown}
 r - a scroll of vulnerability {unknown}
Potions
 d - a potion of might
 f - a potion of flight {unknown}
 h - a potion of invisibility {unknown}
 i - 2 potions of lignification {unknown}
 j - a potion of magic {unknown}
 o - a potion of resistance {unknown}
 p - a potion of curing {unknown}
 q - a potion of heal wounds {unknown}


   Skills:
 * Level 4.3 Fighting
 * Level 3.9 Polearms
 * Level 4.3 Armour
 + Level 0.1 Dodging
 * Level 4.4 Shields


You had 3 spell levels left.
You didn't know any spells.
Your spell library was empty.

Dungeon Overview and Level Annotations

Branches:
Dungeon (3/15)

Altars:


Innate Abilities, Weirdness & Mutations

You have a pair of horns on your head.
You reflexively headbutt those who attack you in melee.


Message History

You are too injured to fight recklessly!
Unknown command.
You hit the orc. Your headbutt misses the orc.
The orc is heavily wounded.
The orc hits you but does no damage.
The orc hits you with a +2 dagger of electrocution.
You hit the orc.
The orc is almost dead.
The orc hits you with a +0 falchion.
* * * LOW HITPOINT WARNING * * *
The orc hits you with a +2 dagger of electrocution.
* * * LOW HITPOINT WARNING * * *
The orc barely misses you. You furiously retaliate!
You headbutt the orc.
You kill the orc!
You block the orc's attack. You block the orc's attack.
There is an open door here.
Things that are here:
a +0 falchion; an orc corpse You are too injured to fight recklessly!
You are too injured to fight recklessly!
You are too injured to fight recklessly!
You barely miss the orc. The orc barely misses you.
You barely miss the orc.
The orc hits you with a +2 dagger of electrocution.
* * * LOW HITPOINT WARNING * * *
You hit the orc but do no damage. The orc hits you but does no damage.
You closely miss the orc.
The orc hits you with a +2 dagger of electrocution.
* * * LOW HITPOINT WARNING * * *
Unknown command.
You closely miss the orc. Your headbutt misses the orc.
You block the orc's attack.
You barely miss the orc. The orc hits you but does no damage.
Unknown command.
You hit the orc but do no damage.
The orc hits you with a +2 dagger of electrocution.
* * * LOW HITPOINT WARNING * * *
The orc hits you with a +2 dagger of electrocution.
You die...

#.# #.# ########## #.#
#.# #........# #.#####.#
#........# #.....#.#
#........#
#####.#'#####........###
#..................#
#..........#####...#
#..†.......# #...#
#.#@######### #...#
#.#>o.......## #...#
#.#)#######..# #...#
#.#...######.#######
#..................+
#.####.########....#
######.###########..
#.................
###'#####......####


You could see an orc.

Vanquished Creatures
  An orc priest (D:2)
  Terence (D:2)
  An adder (D:2)
  2 dart slugs (D:1)
  An orc (D:2)
  3 bats (D:1)
  6 endoplasms
  A giant cockroach (D:1)
  3 goblins
  4 hobgoblins
  4 kobolds
  A quokka (D:1)
  A ball python (D:1)
  2 frilled lizards
  4 rats
35 creatures vanquished.

Notes
Turn   | Place    | Note
-------+----------+-------------------------------------------
     0 | D:1      | Bamboolord the Minotaur Fighter began the quest for the
                  | Orb.
     0 | D:1      | Reached XP level 1. HP: 19/19 MP: 0/0
    61 | D:1      | You fall into a shaft and drop 1 floor!
   125 | D:2      | Reached XP level 2. HP: 27/27 MP: 1/1
   508 | D:1      | Reached XP level 3. HP: 32/33 MP: 2/2
   684 | D:2      | Noticed Terence
   696 | D:2      | Killed Terence
  1050 | D:2      | Reached XP level 4. HP: 40/40 MP: 3/3
  1289 | D:2      | Slain by an orc

Illustrated notes

Levels and vault maps discovered:
D:1:      amcnicky_arrival_feature_with_door, layout_loops_cross, st_stairs_10,
          minmay_strange_pillars
D:2:      layout_basic, nicolae_figureground_sparkle, uniq_terence
D:3:      minmay_goblin_kobold_castle, layout_rooms

Skill      XL: |  1  2 |
---------------+-------+-----
Fighting       | 4 |  4.3
Shields        | 4 |  4.4
Armour         | 4 |  4.3
Polearms       | 3 |  3.9
Dodging        | |  0.1

Action                     |  1- 3 |  4- 6 || total
---------------------------+-------+-------++-------
  Melee: Trident           |    67 |    15 ||    82
         Headbutt          |     9 |     2 ||    11
 Armour: Scale mail        |    16 |     4 ||    20
  Dodge: Dodged            |    11 |     2 ||    13
  Block: Buckler           |     6 |     3 ||     9
